 Dungeon Crawl Stone Soup version 0.22-a0-358-g7563fe7 (webtiles) character file.

3 Kikal the Vexing (level 1, 0/7 HPs)
             Began as a Felid Enchanter on Apr 18, 2018.
             Slain by a leopard gecko (3 damage)
             ... on level 1 of the Dungeon.
             The game lasted 00:01:06 (329 turns).

Kikal the Vexing (Felid Enchanter)                   Turns: 329, Time: 00:01:06

Health: 0/7        AC:  1    Str:  4    XL:     1   Next: 41%
Magic:  3/4        EV: 18    Int: 16    God:
Gold:   11         SH:  0    Dex: 16    Spells: 3/4 levels left
                                        Lives:  0   Deaths: 0

rFire    . . .     SeeInvis +     - Unarmed
rCold    . . .     Gourm    .   (shield unavailable)
rNeg     . . .     Faith    .   (armour unavailable)
rPois    .         Spirit   .   (helmet unavailable)
rElec    .         Reflect  .   (cloak unavailable)
rCorr    .         Harm     .   (gloves unavailable)
MR       .....                  (boots unavailable)
Stlth    +++.......             (no amulet)
HPRegen  0.02/turn              (no ring)
MPRegen  0.09/turn              (no ring)

@: quick
A: very small, no armour, no weapons or thrown items, stealth, claws 1, fangs 3,
see invisible, carnivore, speed 1, shaggy fur 1, slow metabolism 1, sharp paws
a: no special abilities


You were on level 1 of the Dungeon.
You were not hungry.

You visited 1 branch of the dungeon, and saw 1 of its levels.

You collected 11 gold pieces.

Inventory:

Comestibles
 b - a ration


   Skills:
 - Level 2.6 Dodging
 + Level 4.1 Stealth
 * Level 1.2 Unarmed Combat
 + Level 2.0 Spellcasting
 + Level 4.4 Hexes


You had 3 spell levels left.
You knew the following spells:

 Your Spells              Type           Power        Failure   Level  Hunger
a - Corona                Hex            ###....      3%          1    #......


Dungeon Overview and Level Annotations

Branches:
Dungeon (1/15)

Altars:


Innate Abilities, Weirdness & Mutations

You cannot wear armour.
You are incapable of wielding weapons or throwing items.
Your paws allow you to move quietly. (Stealth)
You have sharp claws.
You have razor-sharp teeth.
You have supernaturally acute eyesight. (SInv)
You are carnivorous and can eat meat at any time.
You cover ground quickly.
You are covered in fur. (AC +1)
You have a slow metabolism.
Your sharp claws are effective at attacking unaware monsters.


Message History

A leopard gecko and a rat come into view.
You pounce on the unaware helpless bat!
You claw the bat!
You kill the bat!
Found 11 gold pieces.
You pounce on the unaware helpless rat!
You claw the rat!
You kill the rat!
The leopard gecko hisses angrily.
The leopard gecko misses you.
You barely miss the leopard gecko. The leopard gecko misses you.
Aim: a leopard gecko (clinging, chance to defeat MR: 71%)
The leopard gecko barely resists.
The leopard gecko bites you.
Ouch! That really hurt!
You take 4 damage, and have 3/7 hp.
MASSIVE DAMAGE!!
You now have 3/4 mp.
The leopard gecko misses you.
Aim: a leopard gecko (clinging, chance to defeat MR: 71%)
The leopard gecko is outlined in light.
The leopard gecko barely misses you.
You scratch the leopard gecko. The leopard gecko misses you.
You scratch the leopard gecko but do no damage.
The leopard gecko bites you.
You die...

.$# .# # #.# .#### ♣≈≈≈≈♣♣
####.###....# ≈≈≈8.≈≈≈
#.......###.# ≈≈.≈.8≈≈
#...........##### ≈≈≈8.≈≈≈
#.....$.##..##..####.≈≈≈≈..
#.......##..##...'<#...####
#^......##l.##...###..##..#
#.......##@.##.....'..#<.).
#.......##.#########..#...#
#.########..#♣♣♣♣..)..#'###
#. ##.#♣......♣♣#.# #.
#>#....######.#
#......'...'..#
#.#....'...'..#
#.##♣♣♣######## #.###


You could see a leopard gecko.

Vanquished Creatures
  A hobgoblin (D:1)
  A bat (D:1)
  A kobold (D:1)
  A rat (D:1)
4 creatures vanquished.

Notes
Turn   | Place    | Note
-------+----------+-------------------------------------------
     0 | D:1      | Kikal the Felid Enchanter began the quest for the Orb.
     0 | D:1      | Reached XP level 1. HP: 7/7 MP: 4/4
   329 | D:1      | Slain by a leopard gecko

Vault maps used:
D:1:      sevenhm_arrival_forest_fort_small_5

Action                   || total
-------------------------++-------
Melee: Unarmed           ||     9
 Cast: Corona            ||     3
 Stab: Sleeping          ||     3
Dodge: Dodged            ||     6

Table legend:
 A = Spawn XP
 B = Non-spawn XP
 C = Spawn XP percentage of total XP
 D = Spawn monster count
 E = Non-spawn monster count
 F = Spawn count percentage of total count
 G = Total turns spent on level
                    A         B        C        D         E        F      G
               +---------+---------+-------+---------+---------+-------+---------
         Total |       0 |       5 |   0.0 |       0 |       4 |   0.0 |   329
               +---------+---------+-------+---------+---------+-------+---------
           D:1 |       0 |       5 |   0.0 |       0 |       4 |   0.0 |   329
               +---------+---------+-------+---------+---------+-------+---------
